Map: Tourmaline LE

Players

Hardvision

  • Race: Terran Terran
  • League: Master
  • Spawn Location: 7:00

A.I. 1 (Elite) - Winner!

  • Race: Terran Terran
  • Spawn Location: 1:00

VOD

Have the link to the VOD?

Description

Time

  • Played on: Nov. 13, 2025, 5:54 a.m.
  • Length: 11:00
Show
View Real Time Build Order
Export as new Build Order

Hardvision Terran 

Build Orders: 2 Factory, Cyclone Opening, Mech 

Get SALT Encoding   

  12  0:00  SCV  
  13  0:13  SCV  
  14  0:16  Supply Depot  
  14  0:25  SCV  
  15  0:38  SCV  
  15  0:39  Barracks  
  16  0:43  Refinery  
  16  0:50  SCV  
  16  0:52  Refinery  
  17  1:02  SCV  
  18  1:14  SCV  
  19  1:27  Orbital Command, Reaper  
  20  1:34  Supply Depot  
  20  1:41  Factory  
  21  1:54  SCV  
  21  1:59  Barracks Tech Lab  
  21  2:06  SCV  
  22  2:17  Command Center  
  25  2:30  Cyclone  
  25  2:32  SCV  
  25  2:36  Mag-Field Accelerator  
  26  2:39  Supply Depot  
  26  2:44  SCV  
  27  2:56  SCV  
  28  3:02  Cyclone  
  31  3:08  SCV  
  32  3:14  Factory  
  32  3:20  SCV  
  33  3:28  Orbital Command  
  33  3:32  SCV  
  34  3:34  Cyclone  
  37  3:45  SCV  
  38  3:51  Command Center  
  38  3:56  SCV  
  38  3:57  SCV  
  38  4:00  Factory Tech Lab  
  40  4:08  SCV, Cyclone  
  40  4:09  Supply Depot  
  44  4:11  SCV  
  45  4:25  SCV  
  45  4:29  Cyclone  
  48  4:31  SCV  
  48  4:37  SCV, Refinery  
  48  4:38  Refinery  
  50  4:44  SCV  
  51  4:49  SCV  
  51  4:51  Starport  
  52  4:56  SCV  
  53  5:01  SCV  
  58  5:07  Siege Tank  
  58  5:08  Orbital Command, SCV  
  58  5:13  SCV  
  59  5:20  SCV  
  59  5:21  Supply Depot  
  60  5:24  Supply Depot  
  60  5:26  SCV  
  60  5:28  Starport Reactor  
  61  5:32  SCV  
  61  5:34  Siege Tank  
  65  5:36  SCV  
  65  5:38  SCV  
  65  5:39  Siege Tank  
  65  5:42  Supply Depot  
  70  5:44  Supply Depot  
  70  5:48  SCV  
  71  5:55  SCV x2  
  71  5:56  Factory  
  73  6:00  SCV  
  74  6:12  Liberator x2  
  74  6:13  SCV x3  
  74  6:15  Supply Depot  
  74  6:18  Supply Depot  
  83  6:24  Supply Depot  
  83  6:25  SCV x2, Siege Tank  
  88  6:26  Supply Depot, Siege Tank  
  88  6:30  SCV  
  88  6:32  Refinery  
  92  6:33  Refinery  
  92  6:35  Engineering Bay  
  92  6:39  SCV x2  
  94  6:41  Factory Reactor  
  94  6:42  SCV  
  95  6:51  SCV x2  
  97  6:54  SCV  
  97  6:55  Viking x2  
  102  7:01  Supply Depot  
  102  7:03  Siege Tank  
  102  7:04  SCV  
  106  7:10  Missile Turret  
  106  7:11  SCV  
  106  7:14  Missile Turret  
  107  7:15  Siege Tank  
  107  7:16  Missile Turret  
  107  7:17  SCV x2, Missile Turret  
  112  7:23  Armory  
  112  7:24  Hellion, Armory  
  112  7:27  SCV  
  112  7:29  Viking  
  117  7:35  Viking, Siege Tank  
  122  7:41  Sensor Tower  
  122  7:42  Missile Turret  
  122  7:46  SCV  
  122  7:47  Missile Turret  
  122  7:49  Siege Tank  
  122  7:50  Hellion x2  
  130  8:00  SCV  
  130  8:01  Supply Depot  
  130  8:04  Viking  
  133  8:10  Supply Depot, Siege Tank  
  133  8:12  Terran Vehicle Weapons Level 1, Terran Vehicle And Ship Armor Level 1  
  136  8:16  Hellion x2  
  140  8:20  Viking, Infernal Pre-Igniter  
  140  8:24  Supply Depot  
  139  8:32  Command Center, Supply Depot  
  73  8:34  Viking  
  139  8:35  Siege Tank  
  139  8:37  Hellion x2  
  148  8:42  Siege Tank  
  148  8:46  Supply Depot  
  151  8:56  Viking  
  151  8:58  Hellion x2  
  157  9:03  Missile Turret  
  157  9:05  Supply Depot  
  157  9:07  Siege Tank  
  157  9:08  Missile Turret  
  157  9:09  Supply Depot  
  160  9:12  Missile Turret  
  160  9:13  Missile Turret  
  160  9:15  Missile Turret  
  160  9:16  Viking, Siege Tank  
  165  9:18  Missile Turret  
  165  9:20  Hellion x2  
  169  9:26  Viking  
  168  9:40  Siege Tank  
  168  9:41  Hellion x2  
  168  9:42  Factory  
  168  9:43  Factory  
  175  9:48  Siege Tank  
  175  9:50  Viking  
  180  10:02  Hellion  
  180  10:03  Hellion  
  184  10:12  Siege Tank  
  187  10:20  Siege Tank  
  187  10:24  Hellion  
  189  10:33  Refinery  
  187  10:36  Factory Tech Lab, Factory Reactor  
  187  10:37  Refinery  
Show
View Real Time Build Order
Export as new Build Order

A.I. 1 (Elite) Terran - Winner!

Build Orders: Mech 

Get SALT Encoding   

  12  0:00  SCV  
  13  0:13  SCV  
  14  0:18  Supply Depot  
  14  0:25  SCV  
  15  0:28  Refinery  
  15  0:40  SCV  
  16  0:46  Barracks  
  16  0:52  SCV  
  17  1:04  SCV  
  17  1:08  Supply Depot  
  18  1:16  SCV  
  19  1:28  SCV  
  20  1:33  Marine  
  20  1:36  Factory  
  21  1:44  SCV, Barracks  
  22  1:50  Marine  
  23  1:56  SCV  
  23  2:00  Supply Depot  
  24  2:08  SCV, Marine  
  26  2:20  Factory Tech Lab, SCV  
  27  2:26  Marine  
  28  2:32  Marine  
  28  2:33  SCV  
  30  2:41  Siege Tank  
  33  2:45  SCV  
  34  3:02  Command Center, SCV  
  35  3:15  Orbital Command, Refinery  
  35  3:33  Factory  
  35  3:34  Marine  
  36  3:36  Marine  
  36  3:41  SCV  
  38  3:53  SCV  
  38  3:55  Supply Depot  
  39  4:12  SCV  
  39  4:14  SCV  
  39  4:16  Factory Tech Lab  
  40  4:21  Siege Tank  
  42  4:24  SCV  
  42  4:26  SCV  
  42  4:30  Marine  
  43  4:33  Marine  
  43  4:36  SCV  
  43  4:38  SCV  
  43  4:46  Siege Tank  
  43  4:48  SCV, Marine  
  43  4:50  SCV, Marine  
  47  4:53  Supply Depot  
  47  4:56  Siege Tank  
  48  5:00  SCV  
  48  5:02  SCV  
  48  5:06  Marine  
  50  5:08  Marine  
  50  5:09  Refinery  
  50  5:12  SCV  
  52  5:15  SCV  
  52  5:16  Refinery  
  52  5:18  Hellion  
  55  5:24  Marine  
  55  5:25  SCV  
  55  5:26  Marine  
  55  5:27  SCV  
  59  5:29  Hellion  
  59  5:32  Supply Depot  
  61  5:37  SCV  
  61  5:39  SCV, Siege Tank  
  66  5:42  Barracks Tech Lab  
  66  5:49  SCV  
  67  5:50  Hellion  
  67  5:52  SCV  
  67  5:56  Supply Depot  
  70  6:01  SCV  
  70  6:04  SCV  
  72  6:10  Armory  
  72  6:12  Factory, Hellion  
  72  6:13  SCV  
  72  6:14  Armory  
  72  6:16  SCV  
  76  6:18  Command Center  
  76  6:27  SCV  
  76  6:32  SCV  
  78  6:33  Supply Depot  
  78  6:38  Siege Tank  
  78  6:39  SCV  
  81  6:44  SCV  
  85  6:47  Siege Tank  
  85  6:51  SCV  
  85  6:54  Infernal Pre-Igniter  
  85  6:55  Hellion  
  85  6:56  SCV  
  85  6:58  Terran Vehicle Weapons Level 1  
  85  7:00  Supply Depot  
  87  7:01  Terran Vehicle And Ship Armor Level 1  
  87  7:03  SCV  
  88  7:10  Hellion  
  90  7:18  Orbital Command  
  89  7:24  Thor, Engineering Bay  
  95  7:30  SCV, Supply Depot  
  95  7:31  SCV  
  97  7:42  SCV, Marine  
  97  7:43  SCV  
  96  7:44  Marine  
  95  7:53  SCV  
  95  7:54  SCV  
  95  7:55  Hellion  
  95  7:58  SCV  
  99  7:59  Marine  
  100  8:07  SCV  
  100  8:08  SCV  
  100  8:10  SCV  
  103  8:19  SCV  
  102  8:20  SCV  
  102  8:22  SCV  
  104  8:30  Hellion  
  104  8:31  SCV  
  104  8:33  SCV  
  108  8:34  SCV  
  109  8:43  Thor, SCV  
  109  8:47  SCV, Supply Depot  
  109  8:48  SCV  
  118  8:53  Missile Turret  
  118  8:55  SCV  
  119  8:59  Missile Turret  
  119  9:01  Orbital Command  
  119  9:05  Missile Turret  
  119  9:08  Factory Tech Lab, Missile Turret  
  119  9:13  Supply Depot, Siege Tank  
  122  9:26  Siege Tank  
  122  9:27  Widow Mine  
  127  9:31  Missile Turret  
  127  9:37  Starport  
  127  9:38  Supply Depot  
  127  9:44  Thor  
  133  9:48  Widow Mine  
  133  9:51  Refinery  
  134  9:53  Missile Turret  
  134  9:58  Refinery, Marine x2  
  136  10:02  Barracks  
  136  10:04  Supply Depot  
  124  10:09  Hellion  
  124  10:11  Hellion  
  124  10:13  Starport Tech Lab, SCV  
  104  10:16  Marine x2  
  88  10:21  SCV  
  88  10:22  SCV  
  88  10:28  Siege Tank  
  93  10:31  Hellion  
  93  10:34  Marauder, Marine  
  96  10:37  SCV  
  93  10:44  Command Center  
  93  10:56  Command Center  
Tags
 
Composition
MechMech
League
Master
Matchup
TvT
Race
Terran
Replay Pack
terran openings
Spawn Locations
Cross Positions
Add a new tag
Caveats
  • Supply blocks, unpowered buildings, or Contaminate may cause inaccurate times.
  • Supply counts are checked every 10 seconds.